[ AOE2 MATCH · #477791775 ]
Team RMBurgundians vs Muisca
[ REPLAY ANALYSIS · EXTRACTED FROM THE RECORDED GAME ]
Feudal
11:06
Castle
14:51
Imperial
—
| APM avg | 24.8 |
| APM peak | 53 |
| eAPM avg | 11.6 |
| Villagers / military | 36 / 4 |
Focus
⚔️ 20.8% · 🌾 79.2%
Battering Ram ×2 · Flemish Militia ×2
Feudal
10:43
Castle
16:58
Imperial
—
| APM avg | 24.7 |
| APM peak | 47 |
| eAPM avg | 12.2 |
| Villagers / military | 46 / 0 |
Focus
⚔️ 5.9% · 🌾 94.1%
Feudal
—
Castle
—
Imperial
—
| APM avg | 21.1 |
| APM peak | 81 |
| eAPM avg | 7.5 |
| Villagers / military | 24 / 0 |
Focus
⚔️ 15.4% · 🌾 84.6%
Feudal
—
Castle
—
Imperial
—
| APM avg | 9.9 |
| APM peak | 32 |
| eAPM avg | 4.6 |
| Villagers / military | 35 / 0 |
Focus
⚔️ 7.8% · 🌾 92.2%
Feudal
11:02
Castle
15:42
Imperial
—
| APM avg | 16.3 |
| APM peak | 47 |
| eAPM avg | 11.6 |
| Villagers / military | 39 / 0 |
Focus
⚔️ 12.1% · 🌾 87.9%
Feudal
—
Castle
—
Imperial
—
| APM avg | 0.2 |
| APM peak | 2 |
| eAPM avg | 0.2 |
| Villagers / military | 0 / 0 |
Feudal
9:59
Castle
13:56
Imperial
—
| APM avg | 22.3 |
| APM peak | 76 |
| eAPM avg | 9.7 |
| Villagers / military | 32 / 0 |
Focus
⚔️ 18.1% · 🌾 81.9%
Feudal
—
Castle
—
Imperial
—
| APM avg | 14.5 |
| APM peak | 74 |
| eAPM avg | 6.1 |
| Villagers / military | 37 / 0 |
Focus
⚔️ 6.0% · 🌾 94.0%
Match map
Initial resources + every placement click. Lines = walls · curves = elevation contours. ◆ gold · ⬟ stone · ● berries · ✦ relic · ◌ wall gap
Your base· ✓ Closed at 14:51 · 0t walls · 2 gate(s)
younger's base· ✓ Closed at 16:58 · 0t walls · 3 gate(s)
Pomfret's base· ✓ Closed at 12:00 · 0t walls · 2 gate(s)
black_magick_in_june's base· ✓ Closed at 12:00 · 0t walls · 2 gate(s)
heibanbaomc2003's base· ✓ Closed at 15:42 · 0t walls · 3 gate(s)
murphygg0205's base· ✓ Closed at 12:00 · 0t walls · 3 gate(s)
Kei Nagase's base· ✓ Closed at 13:56 · 0t walls · 2 gate(s)
micendice's base· ✓ Closed at 12:00 · 0t walls · 3 gate(s)
Smoothed initial terrain · ◌ = detected wall gap · hover for details
Inputs per minute
— 2384823078 - - younger
Build order — 2384823078
71 actions detected in the replay
| 0:00 | Create | Villager (Male) |
| 0:01 | Create | Villager (Male) |
| 0:02 | Build | House |
| 0:07 | Build | House |
| 0:35 | Create | Villager (Male) |
| 0:58 | Create | Villager (Male) |
| 1:27 | Create | Villager (Male) |
| 1:38 | Create | Villager (Male) |
| 2:16 | Create | Villager (Male) |
| 2:37 | Build | Lumber Camp |
| 2:45 | Create | Villager (Male) |
| 2:46 | Create | Villager (Male) |
| 3:03 | Build | House |
| 3:10 | Create | Villager (Male) |
| 3:41 | Create | Villager (Male) |
| 3:41 | Create | Villager (Male) |
| 3:42 | Create | Villager (Male) |
| 4:10 | Create | Villager (Male) |
| 4:22 | Create | Villager (Male) |
| 4:28 | Research | Double-Bit Axe |
| 4:40 | Create | Villager (Male) |
| 5:11 | Build | Mill |
| 5:18 | Create | Villager (Male) |
| 5:33 | Create | Villager (Male) |
| 5:41 | Build | House |
| 5:58 | Create | Villager (Male) |
| 6:12 | Build | Farm |
| 6:19 | Research | Horse Collar |
| 6:33 | Create | Villager (Male) |
| 6:48 | Build | Mill |
| 6:53 | Create | Villager (Male) |
| 7:29 | Create | Villager (Male) |
| 7:29 | Create | Villager (Male) |
| 7:47 | Build | Farm |
| 7:49 | Build | Farm |
| 8:13 | Create | Villager (Male) |
| 8:44 | Create | Villager (Male) |
| 8:56 | Research | Feudal Age |
| 9:03 | Build | House |
| 9:34 | Create | Villager (Male) |
| 9:35 | Create | Villager (Male) |
| 10:30 | Build | Barracks |
| 11:03 | Create | Villager (Male) |
| 11:06 | Age | Feudal Age |
| 11:06 | Build | Farm |
| 11:15 | Build | Market |
| 11:25 | Build | Blacksmith |
| 12:11 | Research | Castle Age |
| 12:31 | Build | House |
| 12:40 | Create | Flemish Militia |
| 12:41 | Create | Flemish Militia |
| 13:23 | Build | Mining Camp |
| 13:31 | Create | Villager (Male) |
| 13:41 | Create | Villager (Male) |
| 14:42 | Research | Loom |
| 14:51 | Age | Castle Age |
| 15:23 | Create | Villager (Male) |
| 15:24 | Create | Villager (Male) |
| 15:30 | Build | Farm |
| 15:31 | Build | Farm |
| 15:31 | Build | Farm |
| 15:31 | Build | Farm |
| 15:31 | Build | Farm |
| 15:58 | Create | Villager (Male) |
| 16:29 | Build | Siege Workshop |
| 16:53 | Build | Siege Workshop |
| 17:00 | Create | Villager (Male) |
| 17:29 | Create | Battering Ram |
| 17:38 | Create | Battering Ram |
| 18:08 | Create | Villager (Male) |
| 18:08 | Create | Villager (Male) |
Build order — younger
88 actions detected in the replay
| 0:09 | Build | House |
| 0:10 | Create | Villager (Male) |
| 0:11 | Create | Villager (Male) |
| 0:11 | Create | Villager (Male) |
| 0:11 | Create | Villager (Male) |
| 0:12 | Create | Villager (Male) |
| 0:12 | Create | Villager (Male) |
| 0:33 | Build | House |
| 0:49 | Build | House |
| 0:51 | Build | House |
| 0:52 | Build | House |
| 1:55 | Create | Villager (Male) |
| 2:10 | Create | Villager (Male) |
| 2:52 | Create | Villager (Male) |
| 3:11 | Create | Villager (Male) |
| 3:26 | Create | Villager (Male) |
| 3:26 | Create | Villager (Male) |
| 4:13 | Build | Mill |
| 4:20 | Create | Villager (Male) |
| 5:05 | Create | Villager (Male) |
| 5:06 | Create | Villager (Male) |
| 5:06 | Create | Villager (Male) |
| 5:06 | Create | Villager (Male) |
| 5:06 | Create | Villager (Male) |
| 5:21 | Create | Villager (Male) |
| 5:33 | Create | Villager (Male) |
| 6:07 | Create | Villager (Male) |
| 6:07 | Create | Villager (Male) |
| 7:32 | Build | Lumber Camp |
| 8:22 | Research | Feudal Age |
| 8:51 | Build | Mill |
| 10:00 | Create | Villager (Male) |
| 10:00 | Create | Villager (Male) |
| 10:17 | Build | Barracks |
| 10:25 | Build | Farm |
| 10:26 | Build | Farm |
| 10:27 | Build | Farm |
| 10:43 | Age | Feudal Age |
| 10:57 | Build | Farm |
| 11:12 | Build | House |
| 11:15 | Build | House |
| 11:26 | Build | Farm |
| 11:26 | Build | Farm |
| 11:28 | Create | Villager (Male) |
| 11:28 | Create | Villager (Male) |
| 11:29 | Create | Villager (Male) |
| 11:49 | Build | Farm |
| 12:31 | Build | Blacksmith |
| 12:35 | Create | Villager (Male) |
| 12:35 | Create | Villager (Male) |
| 12:57 | Build | Farm |
| 13:04 | Build | Farm |
| 13:17 | Create | Villager (Male) |
| 13:17 | Create | Villager (Male) |
| 13:36 | Build | Stable |
| 14:05 | Build | Farm |
| 14:09 | Create | Villager (Male) |
| 14:11 | Create | Villager (Male) |
| 14:15 | Build | Farm |
| 14:30 | Research | Castle Age |
| 14:40 | Research | Horse Collar |
| 14:47 | Research | Double-Bit Axe |
| 15:28 | Build | Farm |
| 15:28 | Build | Farm |
| 15:30 | Build | Farm |
| 15:32 | Build | Farm |
| 15:37 | Create | Villager (Male) |
| 15:38 | Create | Villager (Male) |
| 16:58 | Age | Castle Age |
| 17:02 | Build | Town Center |
| 17:35 | Build | Town Center |
| 17:39 | Create | Villager (Male) |
| 17:39 | Create | Villager (Male) |
| 17:40 | Create | Villager (Male) |
| 17:41 | Build | House |
| 17:42 | Build | House |
| 17:43 | Build | House |
| 18:02 | Create | Villager (Male) |
| 18:02 | Create | Villager (Male) |
| 18:03 | Create | Villager (Male) |
| 18:05 | Build | House |
| 18:06 | Build | House |
| 18:07 | Build | House |
| 18:11 | Create | Villager (Male) |
| 18:12 | Create | Villager (Male) |
| 18:12 | Create | Villager (Male) |
| 18:12 | Create | Villager (Male) |
| 18:12 | Create | Villager (Male) |
Build order — Pomfret
33 actions detected in the replay
| 0:01 | Create | Villager (Male) |
| 0:01 | Create | Villager (Male) |
| 0:01 | Create | Villager (Male) |
| 0:03 | Build | House |
| 0:04 | Build | House |
| 0:04 | Create | Villager (Male) |
| 1:31 | Create | Villager (Male) |
| 1:52 | Build | Settlement |
| 1:55 | Create | Villager (Male) |
| 2:12 | Create | Villager (Male) |
| 2:43 | Create | Villager (Male) |
| 3:04 | Create | Villager (Male) |
| 3:27 | Create | Villager (Male) |
| 3:30 | Build | Settlement |
| 3:46 | Create | Villager (Male) |
| 4:33 | Create | Villager (Male) |
| 4:34 | Create | Villager (Male) |
| 5:06 | Build | Settlement |
| 5:11 | Create | Villager (Male) |
| 5:35 | Create | Villager (Male) |
| 5:45 | Create | Villager (Male) |
| 5:53 | Create | Villager (Male) |
| 6:28 | Create | Villager (Male) |
| 6:51 | Build | Settlement |
| 6:54 | Create | Villager (Male) |
| 7:26 | Create | Villager (Male) |
| 7:42 | Create | Villager (Male) |
| 8:17 | Create | Villager (Male) |
| 8:33 | Create | Villager (Male) |
| 8:37 | Build | Farm |
| 8:39 | Build | Farm |
| 8:44 | Create | Villager (Male) |
| 9:00 | Research | Feudal Age |
Build order — black_magick_in_june
43 actions detected in the replay
| 0:02 | Create | Villager (Male) |
| 0:02 | Create | Villager (Male) |
| 0:03 | Create | Villager (Male) |
| 0:03 | Create | Villager (Male) |
| 0:03 | Create | Villager (Male) |
| 0:06 | Build | House |
| 0:08 | Build | House |
| 1:24 | Create | Villager (Male) |
| 1:24 | Create | Villager (Male) |
| 1:54 | Create | Villager (Male) |
| 2:23 | Create | Villager (Male) |
| 2:24 | Create | Villager (Male) |
| 2:51 | Create | Villager (Male) |
| 3:17 | Create | Villager (Male) |
| 3:17 | Create | Villager (Male) |
| 3:31 | Build | Lumber Camp |
| 3:58 | Build | House |
| 4:06 | Create | Villager (Male) |
| 4:06 | Create | Villager (Male) |
| 4:08 | Create | Villager (Male) |
| 4:43 | Create | Villager (Male) |
| 4:44 | Create | Villager (Male) |
| 5:07 | Build | Mill |
| 5:10 | Create | Villager (Male) |
| 5:10 | Create | Villager (Male) |
| 5:30 | Build | House |
| 5:34 | Create | Villager (Male) |
| 5:35 | Create | Villager (Male) |
| 6:01 | Create | Villager (Male) |
| 6:02 | Create | Villager (Male) |
| 6:02 | Create | Villager (Male) |
| 6:42 | Build | Mill |
| 6:43 | Create | Villager (Male) |
| 6:43 | Create | Villager (Male) |
| 6:44 | Create | Villager (Male) |
| 6:59 | Create | Villager (Male) |
| 6:59 | Create | Villager (Male) |
| 7:17 | Create | Villager (Male) |
| 7:17 | Create | Villager (Male) |
| 8:23 | Build | Mining Camp |
| 8:47 | Create | Villager (Male) |
| 8:48 | Create | Villager (Male) |
| 8:56 | Create | Villager (Male) |
Build order — heibanbaomc2003
70 actions detected in the replay
| 0:02 | Build | House |
| 0:03 | Build | House |
| 0:07 | Create | Villager (Male) ×4 |
| 0:07 | Create | Villager (Male) ×4 |
| 1:40 | Create | Villager (Male) |
| 1:52 | Build | Lumber Camp |
| 2:10 | Create | Villager (Male) |
| 2:10 | Create | Villager (Male) |
| 2:30 | Create | Villager (Male) |
| 2:43 | Build | House |
| 2:56 | Create | Villager (Male) |
| 3:02 | Create | Villager (Male) |
| 3:47 | Create | Villager (Male) |
| 3:47 | Create | Villager (Male) |
| 4:28 | Create | Villager (Male) |
| 4:28 | Create | Villager (Male) |
| 4:35 | Build | Mill |
| 4:51 | Create | Villager (Male) |
| 4:51 | Create | Villager (Male) |
| 5:04 | Build | House |
| 5:22 | Create | Villager (Male) |
| 5:22 | Create | Villager (Male) |
| 5:56 | Create | Villager (Male) |
| 6:04 | Build | Mill |
| 6:12 | Create | Villager (Male) |
| 6:16 | Create | Villager (Male) |
| 6:16 | Create | Villager (Male) |
| 6:31 | Create | Villager (Male) |
| 6:31 | Create | Villager (Male) |
| 6:51 | Create | Villager (Male) |
| 8:24 | Create | Villager (Male) |
| 8:40 | Research | Feudal Age |
| 9:15 | Build | House |
| 9:17 | Build | House |
| 9:18 | Build | House |
| 9:42 | Build | Lumber Camp |
| 10:35 | Create | Villager (Male) |
| 10:35 | Create | Villager (Male) |
| 10:53 | Build | Mining Camp |
| 11:02 | Age | Feudal Age |
| 11:14 | Build | Market |
| 11:24 | Build | Blacksmith |
| 11:38 | Create | Villager (Male) |
| 12:17 | Create | Villager (Male) |
| 12:55 | Build | Farm |
| 12:56 | Build | Farm |
| 12:56 | Build | Farm |
| 12:58 | Build | Farm |
| 12:58 | Build | Farm |
| 13:02 | Research | Castle Age |
| 13:17 | Build | Farm |
| 13:46 | Build | Farm |
| 13:53 | Build | House |
| 13:54 | Build | House |
| 14:31 | Research | Double-Bit Axe |
| 14:34 | Research | Horse Collar |
| 15:04 | Build | House |
| 15:42 | Age | Castle Age |
| 15:47 | Build | Town Center |
| 16:01 | Research | Wheelbarrow |
| 16:12 | Build | Farm |
| 16:57 | Create | Villager (Male) |
| 16:57 | Create | Villager (Male) |
| 17:16 | Build | University |
| 17:26 | Build | Barracks |
| 17:48 | Build | Town Center |
| 18:04 | Build | Farm |
| 18:11 | Create | Villager (Male) |
| 18:11 | Create | Villager (Male) |
| 18:12 | Create | Villager (Male) |
Build order — murphygg0205
0 actions detected in the replay
Build order — Kei Nagase
62 actions detected in the replay
| 0:03 | Create | Villager (Male) ×4 |
| 0:06 | Build | House |
| 0:09 | Build | House |
| 1:56 | Create | Villager (Male) |
| 2:24 | Create | Villager (Male) |
| 2:25 | Create | Villager (Male) |
| 2:30 | Build | Lumber Camp |
| 2:50 | Create | Villager (Male) |
| 3:05 | Create | Villager (Male) |
| 3:05 | Create | Villager (Male) |
| 3:46 | Create | Villager (Male) |
| 3:46 | Create | Villager (Male) |
| 3:56 | Build | House |
| 4:25 | Create | Villager (Male) |
| 4:41 | Build | Mill |
| 4:52 | Create | Villager (Male) |
| 4:52 | Create | Villager (Male) |
| 5:37 | Build | House |
| 6:08 | Create | Villager (Male) |
| 6:08 | Create | Villager (Male) |
| 6:09 | Create | Villager (Male) |
| 6:13 | Create | Villager (Male) |
| 6:16 | Create | Villager (Male) |
| 6:21 | Research | Loom |
| 6:42 | Build | Mill |
| 7:36 | Research | Feudal Age |
| 8:31 | Create | Villager (Male) |
| 8:33 | Create | Villager (Male) |
| 9:59 | Age | Feudal Age |
| 10:03 | Build | Market |
| 10:11 | Build | Blacksmith |
| 10:51 | Create | Villager (Male) |
| 11:15 | Research | Castle Age |
| 12:21 | Build | Lumber Camp |
| 12:56 | Build | Mining Camp |
| 13:27 | Create | Villager (Male) |
| 13:28 | Create | Villager (Male) |
| 13:56 | Age | Castle Age |
| 14:02 | Create | Villager (Male) |
| 14:03 | Create | Villager (Male) |
| 14:10 | Research | Double-Bit Axe |
| 14:22 | Build | House |
| 14:24 | Build | House |
| 14:25 | Build | House |
| 14:26 | Build | House |
| 14:28 | Build | House |
| 15:32 | Build | Castle |
| 15:45 | Build | Castle |
| 15:47 | Create | Villager (Male) |
| 15:54 | Research | Horse Collar |
| 16:58 | Create | Villager (Male) |
| 16:59 | Create | Villager (Male) |
| 16:59 | Create | Villager (Male) |
| 17:38 | Build | Farm |
| 17:39 | Build | Farm |
| 17:40 | Build | Farm |
| 17:41 | Build | Farm |
| 17:42 | Build | Farm |
| 17:44 | Build | Farm |
| 17:46 | Build | Farm |
| 18:07 | Build | Farm |
| 18:08 | Create | Villager (Male) |
Build order — micendice
50 actions detected in the replay
| 0:01 | Create | Villager (Male) |
| 0:02 | Create | Villager (Male) |
| 0:02 | Create | Villager (Male) |
| 0:03 | Build | House |
| 0:05 | Build | House |
| 0:05 | Create | Villager (Male) |
| 0:06 | Create | Villager (Male) |
| 1:27 | Create | Villager (Male) |
| 1:27 | Create | Villager (Male) |
| 1:27 | Create | Villager (Male) |
| 1:56 | Create | Villager (Male) |
| 1:56 | Create | Villager (Male) |
| 1:56 | Create | Villager (Male) |
| 2:02 | Build | Lumber Camp |
| 2:17 | Create | Villager (Male) |
| 2:17 | Create | Villager (Male) |
| 2:17 | Create | Villager (Male) |
| 2:46 | Create | Villager (Male) |
| 2:46 | Create | Villager (Male) |
| 2:46 | Create | Villager (Male) |
| 3:23 | Create | Villager (Male) |
| 3:23 | Create | Villager (Male) |
| 3:23 | Create | Villager (Male) |
| 3:23 | Create | Villager (Male) |
| 3:37 | Create | Villager (Male) |
| 3:38 | Create | Villager (Male) |
| 3:59 | Build | House |
| 4:03 | Build | House |
| 4:13 | Create | Villager (Male) |
| 4:13 | Create | Villager (Male) |
| 4:14 | Create | Villager (Male) |
| 4:14 | Create | Villager (Male) |
| 4:36 | Build | Mill |
| 4:40 | Create | Villager (Male) |
| 4:59 | Create | Villager (Male) |
| 5:20 | Create | Villager (Male) |
| 6:02 | Create | Villager (Male) |
| 6:02 | Create | Villager (Male) |
| 6:02 | Create | Villager (Male) |
| 6:38 | Build | Mill |
| 7:00 | Build | Farm |
| 7:02 | Build | Farm |
| 7:07 | Create | Villager (Male) |
| 7:37 | Create | Villager (Male) |
| 8:01 | Create | Villager (Male) |
| 8:13 | Build | Mining Camp |
| 8:27 | Create | Villager (Male) |
| 9:09 | Research | Feudal Age |
| 9:09 | Research | Feudal Age |
| 9:10 | Research | Feudal Age |
Match timeline
| 9:14 | black_magick_in_june · resign |
| 9:59 | Kei Nagase · age_up feudal |
| 10:17 | younger · first_building Barracks |
| 10:30 | 2384823078 · first_building Barracks |
| 10:43 | younger · age_up feudal |
| 11:02 | heibanbaomc2003 · age_up feudal |
| 11:06 | 2384823078 · age_up feudal |
| 12:08 | 2384823078 · first_market_sell 100 stone |
| 12:39 | heibanbaomc2003 · first_market_sell 100 wood |
| 13:36 | younger · first_building Stable |
| 13:56 | Kei Nagase · age_up castle |
| 14:51 | 2384823078 · age_up castle |
| 15:32 | Kei Nagase · first_building Castle |
| 15:42 | heibanbaomc2003 · age_up castle |
| 16:29 | 2384823078 · first_building Siege Workshop |
| 16:41 | 2384823078 · first_market_buy 100 wood |
| 16:58 | younger · age_up castle |
| 17:26 | heibanbaomc2003 · first_building Barracks |
[ AI ANALYSIS · 1 CREDIT ]
What really happened in this match?
Wolo.gg analyzes every decision: build order, eco, micro, common mistakes by bracket. Personalized analysis on WhatsApp or Discord in 30 seconds.
Civ guide
Burgundians
Map guide
Arena
Perfil
Jugador #24110313